 Dungeon Crawl Stone Soup version 0.21-a0-528-gf531e82 (webtiles) character file.

168 dududu the Bolt Thrower (level 5, -4/42 HPs)
             Began as a Barachi Hunter on Dec 8, 2017.
             Was a Follower of Dithmenos.
             Slain by Duvessa
             ... wielding a +0 short sword
              (8 damage)
             ... on level 4 of the Dungeon.
             The game lasted 00:11:37 (2623 turns).

dududu the Bolt Thrower (Barachi Hunter)            Turns: 2623, Time: 00:11:38

Health: -4/42      AC:  5    Str: 14    XL:     5   Next: 49%
Magic:  5/5        EV: 12    Int: 11    God:    Dithmenos [*.....]
Gold:   190        SH:  0    Dex: 13    Spells: 4/4 levels left

rFire    . . .     SeeInvis .   a - +1 hand crossbow
rCold    . . .     Gourm    .   (no shield)
rNeg     . . .     Faith    .   n - +0 ring mail
rPois    .         Spirit   .   (no helmet)
rElec    .         Reflect  .   (no cloak)
rCorr    .         Harm     .   (no gloves)
MR       .....                  (no boots)
Stlth    +.........             (no amulet)
HPRegen  0.14/turn              (no ring)
MPRegen  0.09/turn              (no ring)

@: wreathed by umbra, slow
A: +LOS, swims, slowness 1, strong legs 1
a: Hop, Renounce Religion


You were on level 4 of the Dungeon.
You worshipped Dithmenos.
Dithmenos was aware of your devotion.
You were hungry.

You visited 1 branch of the dungeon, and saw 4 of its levels.

You collected 190 gold pieces.

Inventory:

Hand Weapons
 a - a +1 hand crossbow (weapon)
 b - a +0 short sword
 x - a +0 falchion
 y - a +3 mace of protection
Missiles
 d - 108 bolts (quivered)
 k - 28 poisoned needles
 q - 58 stones
Armour
 n - a +0 ring mail (worn)
Scrolls
 e - 2 scrolls of amnesia
 g - a scroll of remove curse {unknown}
 l - a scroll of teleportation {unknown}
 r - a scroll of fear {unknown}
 s - a scroll of enchant armour {unknown}
 t - a scroll of fog {unknown}
 w - a scroll of magic mapping {unknown}
Potions
 c - a potion of heal wounds {unknown}
 h - a potion of flight
 i - a potion of berserk rage {unknown}
 j - a potion of curing
 m - a potion of resistance
 o - 2 potions of ambrosia
 u - a potion of cancellation {unknown}
Comestibles
 f - 3 bread rations
 p - a meat ration
 v - 3 chunks of flesh


   Skills:
 + Level 3.9 Fighting
 * Level 5.4 Crossbows
 + Level 3.5 Dodging
 - Level 0.8 Stealth


You had 4 spell levels left.
You didn't know any spells.

Dungeon Overview and Level Annotations

Branches:
Dungeon (4/15)
 Temple: D:4-7

Altars:
Dithmenos
Makhleb

Annotations:
D:4 Dowan, Duvessa


Innate Abilities, Weirdness & Mutations

Shadows flee at your approach. (+LOS)
You can swim through water.
You cover ground slowly.
You can hop short distances.


Message History

Press: ? - help, Shift-Dir - straight line, f/p - Duvessa
Aim: Duvessa, wielding a short sword and wearing a ring mail (almost dead, fast, umbra)
You shoot a bolt. The bolt hits Duvessa.
Duvessa is almost dead.
Duvessa hits you but does no damage.
Firing (i - inventory. (,) - cycle):
d - 110 bolts (quivered)
Press: ? - help, Shift-Dir - straight line, f/p - Duvessa
Aim: Duvessa, wielding a short sword and wearing a ring mail (almost dead, fast, umbra)
You shoot a bolt. The bolt barely misses Duvessa.
The bolt closely misses Dowan.
Duvessa hits you with a short sword! Duvessa hits you with a short sword.
* * * LOW HITPOINT WARNING * * *
Firing (i - inventory. (,) - cycle):
d - 109 bolts (quivered)
Press: ? - help, Shift-Dir - straight line, f/p - Duvessa
Aim: Duvessa, wielding a short sword and wearing a ring mail (almost dead, fast, umbra)
You shoot a bolt. The bolt barely misses Duvessa.
The bolt barely misses Dowan.
Duvessa hits you with a short sword!
* * * LOW HITPOINT WARNING * * *
Duvessa hits you with a short sword!
You die... ##########.. #@e((.(e((.. ##########..

You could see Duvessa and Dowan.

Vanquished Creatures
  An orc priest (D:3)
  An iguana (D:3)
  5 adders
  A worm (D:2)
  2 leopard geckos
  11 orcs (D:3)
  7 bats
  5 giant cockroaches
  2 goblins (D:1)
  4 hobgoblins
  3 ball pythons
  A frilled lizard (D:1)
  8 kobolds
  8 rats
59 creatures vanquished.

Notes
Turn   | Place    | Note
-------+----------+-------------------------------------------
     0 | D:1      | dududu the Barachi Hunter began the quest for the Orb.
     0 | D:1      | Reached XP level 1. HP: 17/17 MP: 1/1
   130 | D:1      | Reached XP level 2. HP: 23/23 MP: 2/2
   862 | D:2      | Found a shadowy altar of Dithmenos.
   868 | D:2      | Became a worshipper of Dithmenos the Shadowed
   965 | D:2      | Reached XP level 3. HP: 23/28 MP: 3/3
  1094 | D:2      | Found a faded altar of an unknown god.
  1513 | D:3      | Reached XP level 4. HP: 35/35 MP: 4/4
  1799 | D:3      | Reached skill level 5 in Crossbows
  2024 | D:3      | Reached * piety under Dithmenos
  2170 | D:3      | Found a burning altar of Makhleb.
  2182 | D:3      | Reached XP level 5. HP: 42/42 MP: 5/5
  2605 | D:4      | Noticed Dowan
  2609 | D:4      | Noticed Duvessa
  2623 | D:4      | Slain by Duvessa

Vault maps used:
D:1:      lightli_arrival_flooded_house
D:2:      first_bread, chequers_ecumenical_altar_simple_redux,
          grunt_dithmenos_smoke
D:3:      nicolae_overflow_crystal_walls
D:4:      minmay_misc_feat_columns, uniq_edmund, uniq_natasha, uniq_menkaure,
          uniq_duvessa

Skill      XL: |  1  2  3  4 |
---------------+-------------+-----
Fighting       | 3 |  3.9
Dodging        | 3 |  3.5
Crossbows      | 5 |  5.4
Stealth        | |  0.8

Action                   |  1- 3 |  4- 6 || total
-------------------------+-------+-------++-------
Melee: Short sword       |    70 |    15 ||    85
 Fire: Hand crossbow     |    41 |    72 ||   113
  Use: Scroll            |       |     5 ||     5
  Eat: Chunk             |     2 |     4 ||     6
Armor: Leather armour    |    19 |     7 ||    26
       Ring mail         |       |     3 ||     3
Dodge: Dodged            |    51 |    19 ||    70

Table legend:
 A = Spawn XP
 B = Non-spawn XP
 C = Spawn XP percentage of total XP
 D = Spawn monster count
 E = Non-spawn monster count
 F = Spawn count percentage of total count
 G = Total turns spent on level
                    A         B        C        D         E        F      G
               +---------+---------+-------+---------+---------+-------+---------
         Total |       0 |     241 |   0.0 |       0 |      59 |   0.0 |  2623
               +---------+---------+-------+---------+---------+-------+---------
           D:1 |       0 |      31 |   0.0 |       0 |      22 |   0.0 |   910
           D:2 |       0 |      43 |   0.0 |       0 |      10 |   0.0 |   614
           D:3 |       0 |     167 |   0.0 |       0 |      27 |   0.0 |  1079
               +---------+---------+-------+---------+---------+-------+---------
